 Dungeon Crawl Stone Soup version 0.26-b1-32-g5d43845318 (webtiles) character file.

Game seed: 2626868869235257412

42 theswoord the Cudgeller (level 3, -5/23 HPs)
             Began as a Gargoyle Monk on Jan 10, 2021.
             Was a Follower of Okawaru.
             Killed by divine providence
             ... invoked by an orc priest
              (9 damage)
             ... on level 2 of the Dungeon.
             The game lasted 00:03:09 (1472 turns).

theswoord the Cudgeller (Gargoyle Monk)             Turns: 1472, Time: 00:03:09

Health: -5/23      AC: 15    Str: 14    XL:     3   Next: 56%
Magic:  0/3        EV:  4    Int: 10    God:    Okawaru [*.....]
Gold:   79         SH:  0    Dex: 13    Spells: 2/2 levels left

rFire    . . .     SeeInvis .   a - +0 mace
rCold    . . .     Faith    .   (no shield)
rNeg     + . .     Spirit   +   j - +0 plate armour
rPois    ∞         Reflect  .   (no helmet)
rElec    +         Harm     .   f - +1 cloak
rCorr    .         Rampage  .   (no gloves)
Will     .....                  (no boots)
Stlth    ..........             e - amulet of guardian spirit
HPRegen  0.07/turn              (no ring)
MPRegen  0.08/turn              (no ring)

@: confused
A: negative energy resistance 1, electricity resistance, unbreathing,
petrification resistance, miasma immunity, AC +3
a: Renounce Religion, Heroism


You were on level 2 of the Dungeon.
You worshipped Okawaru.
Okawaru was aware of your devotion.
You visited 1 branch of the dungeon, and saw 2 of its levels.

You collected 79 gold pieces.

Inventory:

Hand Weapons
 a - a +0 mace (weapon)
Armour
 b - a +0 robe
 f - a +1 cloak (worn)
 i - a +0 ring mail
 j - a +0 plate armour (worn)
Jewellery
 e - an amulet of guardian spirit (around neck)
Scrolls
 c - 2 scrolls of identify {unknown}
 d - 2 scrolls of teleportation {unknown}
 g - 2 scrolls of remove curse {unknown}
 h - a scroll of immolation {unknown}
 m - a scroll of random uselessness {unknown}
 n - a scroll of fog {unknown}


   Skills:
 - Level 3.2 Fighting
 + Level 4.5 Maces & Flails
 - Level 2.4 Dodging
 - Level 2.1 Stealth


You had 2 spell levels left.
You didn't know any spells.
Your spell library was empty.

Dungeon Overview and Level Annotations

Branches:
Dungeon (2/15)

Altars:
Okawaru


Innate Abilities, Weirdness & Mutations

You are resistant to torment.
Your stone body is resilient. (AC +3)
You are immune to poison.
You resist negative energy. (rN+)
You are resistant to electric shocks. (rElec)
You can survive without breathing.
You are immune to petrification.
You are immune to miasma.


Message History

The orc wizard hits you with a +0 dagger.
You bump into the rock wall.
The orc wizard casts a spell at you.
You are more confused.
It was a potion of magic.
Magic courses through your body.
The orc wizard hits you but does no damage.
The orc priest invokes the aid of Beogh against you.
Beogh smites you!
* * * LOW HITPOINT WARNING * * *
The orc wizard casts a spell at you.
You are more confused.
You bump into the rock wall.
The orc wizard gestures at you while chanting.
The magic dart hits you!
* * * LOW HITPOINT WARNING * * *
Unknown command.
You are too confused!
The orc priest mumbles some strange prayers to Beogh against you.
Beogh smites you!
You die...

#.#.# ###.#.#
#.....# #.....#
#.....# #.....#
#.....# ####.
#####.######......
#.@..oooo#
#.#####B.# #.# ..#
#.# ..# #.# ..#
#.# ... #.# ...#
#. <..#


You could see 2 orc priests, an orc wizard, an orc and a giant cockroach.

Vanquished Creatures
  An ooze (D:1)
  A worm (D:2)
  2 dart slugs
  An orc (D:2)
  A ball python (D:2)
  4 bats
  5 goblins (D:1)
  6 hobgoblins (D:1)
  2 frilled lizards (D:1)
  4 kobolds
  A rat (D:1)
28 creatures vanquished.

Notes
Turn   | Place    | Note
-------+----------+-------------------------------------------
     0 | D:1      | theswoord the Gargoyle Monk began the quest for the Orb.
     0 | D:1      | Reached XP level 1. HP: 14/14 MP: 1/1
   134 | D:1      | Reached XP level 2. HP: 19/19 MP: 2/2
   373 | D:1      | Found an iron altar of Okawaru.
   381 | D:1      | Became a worshipper of Warmaster Okawaru
   381 | D:1      | Reached * piety under Okawaru
   381 | D:1      | Reached ** piety under Okawaru
   408 | D:1      | Reached skill level 4 in Maces & Flails
   540 | D:1      | Reached XP level 3. HP: 23/23 MP: 3/3
  1472 | D:2      | Killed from afar by an orc priest

Skill      XL: |  1  2 |
---------------+-------+-----
Maces & Flails | 4 |  4.5
Fighting       | |  3.2
Dodging        | |  2.4
Stealth        | |  2.1

Action                   || total
-------------------------++-------
Melee: Mace              ||   111
Invok: Heroism           ||     1
  Use: Potion            ||     2
 Stab: Sleeping          ||     2
Armor: Robe              ||    14
       Plate armour      ||    49
       Ring mail         ||     7
Dodge: Dodged            ||    42

Levels and vault maps discovered:
D:1:      erik_arrival_cave_to_civilisation [erik_arrival_cave_to_hall],
          layout_basic, okawaru_ov_weapons_minmay
D:2:      layout_loops_ring, minmay_pentomino_w2
